 Dungeon Crawl Stone Soup version 0.28.0-53-g5a82cb258f (webtiles) character file.

Game seed: 16382893438308660943

11 Descartes the Skirmisher (level 2, 21/21 HPs)
             Began as an Octopode Wanderer on June 13, 2022.
             Was a Follower of Trog.
             Got out of the dungeon alive.
             The game lasted 00:01:18 (521 turns).

Descartes the Skirmisher (Octopode Wanderer)         Turns: 521, Time: 00:01:19

Health: 21/21      AC:  1    Str: 11    XL:     2   Next: 29%
Magic:  12/12      EV: 12    Int: 14    God:    Trog [*.....]
Gold:   21         SH:  0    Dex: 11    Spells: 2/3 levels left

rFire   . . .      SeeInvis .   a - +1 falchion
rCold   . . .      Faith    .   (no shield)
rNeg    . . .      Spirit   .   (helmet restricted)
rPois   .          Reflect  .   (no amulet)
rElec   .          Harm     .   e - ring of magical power
rCorr   +          Rampage  .   g - ring of resist corrosion
Will    .....                   (no ring)
Stlth   +++.......              (no ring)
HPRegen 0.07/turn               (no ring)
MPRegen 0.13/turn               (no ring)
                                (no ring)
                                (no ring)

@: no status effects
A: almost no armour, amphibious, 8 rings, camouflage 1, gelatinous body 1,
(nimble swimmer 1), tentacles
a: Renounce Religion, Berserk


You escaped.
You worshipped Trog.
Trog was aware of your devotion.
You visited 1 branch of the dungeon, and saw 1 of its levels.

You collected 21 gold pieces.

Inventory:

Hand Weapons
 a - a +1 falchion (weapon)
Missiles
 f - 18 stones
Jewellery
 e - a ring of magical power (left tentacle)
 g - a ring of resist corrosion (right tentacle)
Scrolls
 b - a scroll of teleportation {unknown}
 c - a scroll of amnesia {unknown}
Potions
 d - a potion of lignification {unknown}
 h - a potion of curing {unknown}


   Skills:
 - Level 3.0 Fighting
 - Level 1.0 Long Blades
 - Level 1.0 Throwing
 + Level 1.3 Dodging
 + Level 2.0 Stealth
 - Level 1.3 Spellcasting
 - Level 2.2 Hexes


You had 2 spell levels left.
You knew the following spells:

 Your Spells              Type           Power      Damage    Failure   Level
a - Slow                  Hex            28%        N/A       11%         1

Your spell library contained the following spells:

 Spells                   Type           Power      Damage    Failure   Level
 Confusing Touch          Hex            7%         N/A       30%         3
 Portal Projectile        Hex/Tloc       8%         N/A       43%         3


Dungeon Overview and Level Annotations

Branches:
Dungeon (1/15)

Altars:
Trog

Shops:
D:1 [


Innate Abilities, Weirdness & Mutations

You cannot wear most types of armour.
You are amphibious.
You can wear up to eight rings at the same time.
Your skin changes colour to match your surroundings (Stealth+).
Your rubbery body absorbs attacks. (AC +1, EV +1)
((You are camouflaged when in or above water. (Stealth+)))
You have tentacles for arms and can constrict up to eight enemies at once.


Message History

Found an escape hatch in the floor.
Found 18 stones.
f - 18 stones
Found a ring mail.
You see here a +0 ring mail.
You now have 21 gold pieces (gained 9).
Found Gust's Armour Shop.
No target in view!
There is an entrance to Gust's Armour Shop here.
Found a scale mail.
Found a mace and 30 bolts.
A bat comes into view.
You see here a ring of resist corrosion.
Found a faded altar of an unknown god.
The bat barely misses you. The bat hits you but does no damage.
You miss the bat. You grab the bat. You constrict the bat.
The bat closely misses you. The bat misses you.
You completely miss the bat.
The bat is severely wounded.
You constrict the bat.
You kill the bat!
No target in view!
No target in view!
No target in view!
No target in view!
No target in view!
No target in view!
g - a ring of resist corrosion
h - a white potion
g - a ring of resist corrosion (right tentacle)
Found a ring mail.
There is a faded altar of an unknown god here.
You cannot tell which god this altar belongs to.
Convert to them anyway?
Trog accepts your prayer! Trog welcomes you!
You can now go berserk at will.
There is a staircase leading out of the dungeon here.
Unknown command.
Are you sure you want to leave the Dungeon?
This will make you lose the game!
You have escaped!

.######.######...≈♣♣.............
.†..................#############
#######.######.####.## .....
.........####..#
#######.####.#.#.#.#.# #.#
##.#.#.#..# #.# #.#.#.#.### #.#
##.#.#.#.# .######.####.#.#@#.##
............#.#.#.#.#
#######.###..#.#.#.## ####### #∩#
###.#.#.#.# #...... #.# #########
#.##### #.# #.# #.# #.#
#.###################.#
#.....................#


There were no monsters in sight!

Vanquished Creatures
  An endoplasm (D:1)
  A giant cockroach (D:1)
  A goblin (D:1)
  2 hobgoblins (D:1)
  A kobold (D:1)
  2 quokkas (D:1)
  A bat (D:1)
9 creatures vanquished.

Notes
Turn   | Place    | Note
-------+----------+-------------------------------------------
     0 | D:1      | Descartes the Octopode Wanderer began the quest for the
                  | Orb.
     0 | D:1      | Descartes set off with the following items: a +1 falchion;
                  | and the following spell memorised: Slow; and the following
                  | spells available to memorise: Confusing Touch, Portal
                  | Projectile
     0 | D:1      | Reached XP level 1. HP: 16/16 MP: 2/2
    95 | D:1      | Reached XP level 2. HP: 21/21 MP: 3/3
   395 | D:1      | Found Gust's Armour Shop.
   461 | D:1      | Found a faded altar of an unknown god.
   475 | D:1      | Prayed at the altar of an unknown god.
   475 | D:1      | Became a worshipper of Trog the Wrathful
   475 | D:1      | Reached * piety under Trog
   521 | D:$      | Got out of the dungeon alive.

Illustrated notes

Levels and vault maps discovered:
D:1:      lightli_arrival_chessboard, layout_loops_ring, serial_shops, shop,
          hellmonk_ecumenical_altar_lost_god, serial_bayou_lagoon_b

Skill      XL: |  1  2 |
---------------+-------+-----
Stealth        | 2 |  2.0
Fighting       | |  3.0
Long Blades    | |  1.0
Throwing       | |  1.0
Dodging        | |  1.3
Spellcasting   | |  1.3
Hexes          | |  2.2

Action                   || total
-------------------------++-------
Melee: Falchion          ||    16
       Constrict         ||     6
       Tentacles         ||     3
 Stab: Sleeping          ||     2
Armor: Skin              ||     1
Dodge: Dodged            ||    12
